 Dungeon Crawl Stone Soup version 0.22-a0-458-gb446440 (webtiles) character file.

46 Galder the Magician (level 3, 0/19 HPs)
             Began as a Deep Elf Wizard on June 8, 2018.
             Slain by an orc
             ... wielding a +0 dagger
              (2 damage)
             ... on level 3 of the Dungeon.
             The game lasted 00:10:25 (1633 turns).

Galder the Magician (Deep Elf Wizard)               Turns: 1633, Time: 00:10:26

Health: 0/19       AC:  2    Str:  5    XL:     3   Next: 46%
Magic:  3/11       EV: 13    Int: 22    God:
Gold:   122        SH:  0    Dex: 13    Spells: 8/11 levels left

rFire    . . .     SeeInvis .   e - +0 short sword
rCold    . . .     Gourm    .   (no shield)
rNeg     . . .     Faith    +   a - +0 robe
rPois    +         Spirit   .   b - +0 hat
rElec    .         Reflect  .   (no cloak)
rCorr    .         Harm     .   (no gloves)
MR       .....                  (no boots)
Stlth    ++........             n - amulet of faith
HPRegen  0.06/turn              (no ring)
MPRegen  0.12/turn              m - ring of poison resistance

@: no status effects
A: no striking features
a: no special abilities


You were on level 3 of the Dungeon.
You were not hungry.

You visited 1 branch of the dungeon, and saw 3 of its levels.

You collected 122 gold pieces.

Inventory:

Hand Weapons
 e - a +0 short sword (weapon)
 q - a +1 dagger of venom
Missiles
 l - 60 stones (quivered)
Armour
 a - a +0 robe (worn)
 b - a +0 hat (worn)
Jewellery
 m - a ring of poison resistance (right hand)
 n - an amulet of faith (around neck)
Scrolls
 f - 2 scrolls of remove curse
 k - a scroll of blinking {unknown}
 p - a scroll of teleportation {unknown}
Potions
 g - a potion of mutation {unknown}
 h - a potion of might {unknown}
 i - 2 potions of ambrosia {unknown}
 j - 2 potions of cancellation {unknown}
 o - a potion of haste {unknown}
Comestibles
 c - 6 chunks of flesh
 d - 2 rations


   Skills:
 + Level 3.2 Dodging
 + Level 3.2 Stealth
 + Level 4.9 Spellcasting
 + Level 2.0 Conjurations
   Level 1.1 Summonings
 - Level 1.1 Translocations


You had 8 spell levels left.
You knew the following spells:

 Your Spells              Type           Power        Failure   Level  Hunger
a - Magic Dart            Conj           ##..         4%          1    None
b - Blink                 Tloc           N/A          10%         2    None

Your spell library contained the following spells:

 Spells                   Type           Power        Failure   Level  Hunger
 Conjure Flame            Conj/Fire      ##......     21%         3    ##.....
 Slow                     Hex            #.......     16%         2    None
 Mephitic Cloud           Conj/Pois/Air  #.......     22%         3    ##.....
 Call Imp                 Summ           ##......     10%         2    None


Dungeon Overview and Level Annotations

Branches:
Dungeon (3/15)

Altars:


Message History

A hobgoblin comes into view. It is wielding a club.
Casting: Magic Dart (safe; 4% risk of failure)
Confirm with . or Enter, or press ? or * to list all spells.
Aiming: Magic Dart (safe; 4% risk of failure)
Press: ? - help, Shift-Dir - straight line, f/p - orc
Aim: an orc, wielding a dagger and wearing a ring mail (heavily wounded)
The magic dart hits the orc.
The orc is heavily wounded.
The orc misses you.
You hit the orc.
The orc is severely wounded.
The orc hits you.
* * * LOW HITPOINT WARNING * * *
The orc closely misses you. The orc hits you with a dagger.
* * * LOW HITPOINT WARNING * * *
You hit the orc.
The orc is severely wounded.
The orc barely misses you. The orc closely misses you.
The orc hits you with a dagger.
You die...

####### ....... ###
....... ####### ####..
....)..#####.....###.r..#
g......oo........#...####
........@or........### #.
.......####...###### ##†
....... #.### ##.o
....#.# #..# ###... ...
.. ###.## #...#. #.
........#########.###r #
...............##..# #.
.................#.####.
..............).##...


You could see 3 orcs and a rat.

Vanquished Creatures
  An adder (D:3)
  2 dart slugs
  An orc (D:3)
  4 goblins
  A hobgoblin (D:3)
  3 jackals (D:3)
  7 kobolds
  A ball python (D:1)
  6 bats
  2 frilled lizards
  3 rats
31 creatures vanquished.

Notes
Turn   | Place    | Note
-------+----------+-------------------------------------------
     0 | D:1      | Galder the Deep Elf Wizard began the quest for the Orb.
     0 | D:1      | Reached XP level 1. HP: 10/10 MP: 7/7
   258 | D:1      | Reached XP level 2. HP: 15/15 MP: 4/9
   262 | D:1      | Learned a level 2 spell: Blink
  1305 | D:3      | Reached XP level 3. HP: 19/19 MP: 0/11
  1633 | D:3      | Slain by an orc

Vault maps used:
D:1:      matt_arrival_spirals, minmay_pentomino_v2
D:2:      dk_yredelemnul_ordeal, uniq_sigmund
D:3:      lemuel_crystal_altar, first_ration

Skill      XL: |  1  2  3 |
---------------+----------+-----
Dodging        | 3 |  3.2
Stealth        | 3 |  3.2
Conjurations   | 2 |  2.0
Spellcasting   | |  4.9
Summonings     | |  1.1
Translocations | |  1.1

Action                   || total
-------------------------++-------
Melee: Short sword       ||    14
 Cast: Magic Dart        ||    93
       Blink             ||     2
  Use: Scroll            ||     1
  Eat: Chunk             ||     2
Armor: Robe              ||    10
Dodge: Dodged            ||    30

Table legend:
 A = Spawn XP
 B = Non-spawn XP
 C = Spawn XP percentage of total XP
 D = Spawn monster count
 E = Non-spawn monster count
 F = Spawn count percentage of total count
 G = Total turns spent on level
                    A         B        C        D         E        F      G
               +---------+---------+-------+---------+---------+-------+---------
         Total |       0 |      67 |   0.0 |       0 |      31 |   0.0 |  1633
               +---------+---------+-------+---------+---------+-------+---------
           D:1 |       0 |      26 |   0.0 |       0 |      16 |   0.0 |   843
           D:2 |       0 |       7 |   0.0 |       0 |       3 |   0.0 |   156
           D:3 |       0 |      34 |   0.0 |       0 |      12 |   0.0 |   634
               +---------+---------+-------+---------+---------+-------+---------
